 Dungeon Crawl Stone Soup version 0.30-a0-862-g1aabd4f9c5 (webtiles) character file.

Game seed: 8444208062466260180

13734 BigDaddyOpFi the Protected (level 11, -2/101 HPs)
             Began as an Armataur Fighter on Mar 8, 2023.
             Was a High Priest of Okawaru.
             Shot with an arrow by a centaur (4 damage)
             ... on level 11 of the Dungeon.
             The game lasted 00:13:35 (11243 turns).

BigDaddyOpFi the Protected (Armataur Fighter)      Turns: 11243, Time: 00:13:36

Health: -2/101     AC: 21    Str: 26    XL:     11   Next: 79%
Magic:  0/26       EV:  5    Int: 12    God:    Okawaru [*****.]
Gold:   647        SH:  0    Dex: 15    Spells: 10/10 levels left

rFire   . . .      SeeInvis .    b - +6 great sword (spect)
rCold   + . .      Faith    .    (shield currently unavailable)
rNeg    . . .      Spirit   +    v - +7 plate armour of Birdsong {Contam rCorr MP+9 Int+3}
rPois   .          Reflect  .    (no helmet)
rElec   .          Roll     +    (no cloak)
rCorr   +                        y - +0 pair of gloves
Will    .....                    (no barding) Stlth
                                 j - amulet of guardian spirit
HPRegen 0.36/turn                u - ring of protection from cold
MPRegen 0.20/turn                s - +6 ring of dexterity

@: no status effects
A: large, rugged brown scales 3, deformed body, armoured tail, roll, long
tongue, awkward tongue
a: Renounce Religion, Heroism, Finesse, Duel


You were on level 11 of the Dungeon.
You worshipped Okawaru.
Okawaru was extremely pleased with you.
You visited 1 branch of the dungeon, and saw 11 of its levels.

You collected 647 gold pieces.

Inventory:

Hand Weapons
 b - a +6 spectral great sword (weapon)
Armour
 c - a +0 buckler
 v - the +7 plate armour of Birdsong (worn) {Contam rCorr MP+9 Int+3}
   (You found it on level 3 of the Dungeon)

   Int:       It affects your intelligence (+3).
   MP:        It affects your magic capacity (+9).
   Contam:    It causes magical contamination when unequipped.
   rCorr:     It protects you from acid and corrosion.
 y - a +0 pair of gloves (worn)
Jewellery
 j - an amulet of guardian spirit (around neck)
 n - a ring of fire
 s - a +6 ring of dexterity (right hand)
 u - a ring of protection from cold (left hand)
 L - a ring of wizardry
Wands
 w - a wand of digging (1)
 C - a wand of mindburst (17)
 M - a wand of roots (1) (quivered)
Scrolls
 g - a scroll of teleportation
 h - 3 scrolls of poison
 i - 2 scrolls of fog
 k - 3 scrolls of silence
 l - 3 scrolls of noise
 m - 2 scrolls of magic mapping
 p - 2 scrolls of vulnerability
 t - a scroll of brand weapon
 x - a scroll of blinking
 D - 5 scrolls of identify
 K - a scroll of amnesia {unknown}
Potions
 a - a potion of might
 d - 2 potions of flight
 e - 7 potions of curing
 f - a potion of attraction {unknown}
 o - 4 potions of mutation
 q - a potion of resistance {unknown}
 r - 3 potions of brilliance {unknown}
 z - a potion of cancellation
 A - a potion of magic
 E - 2 potions of lignification
 F - a potion of ambrosia {unknown}
 I - a potion of degeneration {unknown}
 J - a potion of haste {unknown}


   Skills:
 + Level 8.5 Fighting
 + Level 8.2 Long Blades
 + Level 11.0 Armour
 + Level 10.2 Shields
 * Level 8.2 Invocations


You had 10 spell levels left.
You didn't know any spells.
Your spell library contained the following spells:

 Spells                   Type           Power      Damage    Failure   Level
 Freeze                   Ice            0%         1d3       96%         1
 Necrotise                Necr           0%         1d4       96%         1
 Sandblast                Erth           0%         2d4       96%         1
 Slow                     Hex            0%         N/A       96%         1
 Passwall                 Tmut/Erth      0%         N/A       99%         2
 Confusing Touch          Hex            0%         N/A       100%        3
 Dazzling Flash           Conj/Hex       0%         N/A       100%        3
 Frozen Ramparts          Ice            0%         1d1       100%        3
 Hailstorm                Conj/Ice       0%         3d3       100%        3
 Ignite Poison            Fire/Tmut/Pois 0%         N/A       100%        3
 Portal Projectile        Hex/Tloc       0%         N/A       100%        3
 Stone Arrow              Conj/Erth      0%         3d7       100%        3
 Vampiric Draining        Necr           0%         2d6       100%        3
 Iskenderun's Mystic Bla  Conj/Tloc      0%         2d3       100%        4
 Leda's Liquefaction      Hex/Erth       0%         N/A       100%        4
 Sticky Flame             Conj/Fire      0%         2d3       100%        4
 Agony                    Necr           0%         N/A       100%        5
 Starburst                Conj/Fire      0%         6d3       100%        6
 Ignition                 Fire           0%         3d3       100%        8
 Call Canine Familiar     Summ           Unusable   N/A       N/A         3

Dungeon Overview and Level Annotations

Branches:
Dungeon (11/15)            Temple (0/1) D:7            Lair (0/5) D:10
    Orc (0/2) D:9

Altars:
Ashenzari
Cheibriados
Dithmenos
Elyvilon
Fedhas
Hepliaklqana
Kikubaaqudgha
Makhleb
Nemelex Xobeh
Okawaru
Qazlal
Ru
Trog
Vehumet


Innate Abilities, Weirdness & Mutations

You are completely covered in rugged brown scales. (AC +3, +7% HP)
Armour fits poorly on your strangely shaped body.
You have a long armoured tail.
You roll when moving toward enemies. (Rampage)
Your long tongue fully drains potion bottles. (2x potion effects)
Your tongue gives you trouble enunciating. (1.5x scroll delay)


Message History

The centaur kicks your +6 spectral great sword.
Your spectral weapon shares its damage with you!
The centaur zaps a wand.
The puff of flame hits you but does no damage.
The orc knight hits you but does no damage.
The centaur hits you but does no damage.
The centaur kicks you but does no damage.
The centaur hits your +6 spectral great sword.
Your spectral weapon shares its damage with you!
* * * LOW HITPOINT WARNING * * *
The centaur barely misses your +6 spectral great sword.
You closely miss the orc knight.
The orc knight is heavily wounded.
Your +6 spectral great sword hits the orc knight!
The centaur closely misses your +6 spectral great sword. x2
The centaur hits you but does no damage.
The centaur kicks you but does no damage.
The orc knight hits you with a +0 long sword.
The centaur misses your +6 spectral great sword.
The centaur closely misses your +6 spectral great sword.
The centaur barely misses you. x2
The orc knight hits you with a +0 long sword!
* * * LOW HITPOINT WARNING * * *
Okay, then.
Blink to where?
Press: ? - help, Dir - move target As you slowly read the scroll of blinking, it crumbles to dust.
The centaur wields a +0 shortbow.
The centaur shoots an arrow.
The arrow hits you but does no damage.
Aiming: Fastroot
Press: ? - help, Q - select action, (/) - cycle Shift-Dir - straight line, f - centaur
Aim: a centaur, wielding a +0 shortbow (grey smoke)
The roots erupt in riotous growth!
Roots grab the centaur.
The grasping roots constrict the centaur.
The centaur shoots an arrow.
The arrow hits you.
* * * LOW HITPOINT WARNING * * *
The roots lose their grip on something.
The centaur shoots an arrow.
The arrow hits you.
You die...

#.*#....#***,,,#...#
*.*#.##.......##...#
*.##o#*.###...#.....
#..§)...#**,,##.....
##c....##*,,,#......
#.###.#**,,##......
#.# *..,,,,#...††..
#.###.#.,,######'##
#.@...#..,#>.......
#######,.##........
**,*,,,#<....(..
**,*,,,,######†##
**,***,,,,#.......
*,** **,,,##......
**,***,,,,,#......
**,*,***,,##.....
**,** *,,,#.....


You could see a centaur.

Vanquished Creatures
  Snorg (D:10)
  A hydra (D:11)
  Erolcha (D:9)
  A two-headed ogre (D:10)
  A boulder beetle (D:11)
  5 death yaks
  A cyclops (D:11)
  Joseph (D:7)
  Maggie (D:6)
  A troll (D:10)
  Grinder (D:6)
  Prince Ribbit (D:5)
  A hornet (D:8)
  Sigmund (D:3)
  14 yaks
  2 water moccasins
  An acid dragon (D:10)
  2 black bears
  3 orc warriors (D:9)
  2 sky beasts
  2 ice beasts
  3 ogres
  3 centaurs
  2 phantoms
  A kobold brigand (D:9)
  6 bullfrogs
  A gnoll sergeant (D:6)
  2 scorpions
  8 wights
  An electric eel (D:10)
  3 howler monkeys
  An orc priest (D:9)
  2 gnoll boudas
  A jelly (D:6)
  6 hounds
  Ijyb (D:3)
  7 iguanas
  5 orc wizards
  Terence (D:3)
  20 gnolls
  3 adders
  A white imp (D:5)
  2 ufetubi (D:4)
  3 worms
  3 dart slugs
  28 orcs
  12 endoplasms
  4 giant cockroaches (D:1)
  10 goblins
  6 hobgoblins
  16 jackals
  5 quokkas
  5 ball pythons
  8 bats
  A frilled lizard (D:3)
  12 kobolds
  6 rats
  A bush (D:6)
  2 butterflies (D:7)
246 creatures vanquished.

Vanquished Creatures (others)
  2 orc wizards (D:11)
  A gnoll (D:6)
  A plant (D:2)
4 creatures vanquished.

Grand Total: 250 creatures vanquished

Notes
Turn   | Place    | Note
-------+----------+-------------------------------------------
     0 | D:1      | BigDaddyOpFi the Armataur Fighter began the quest for the
                  | Orb.
     0 | D:1      | Reached XP level 1. HP: 19/19 MP: 1/1
   135 | D:1      | Reached XP level 2. HP: 17/26 MP: 2/2
   229 | D:1      | Reached skill level 4 in Armour
   247 | D:1      | Reached XP level 3. HP: 21/33 MP: 3/3
  1244 | D:2      | Reached XP level 4. HP: 40/40 MP: 2/4
  1884 | D:3      | Identified the +7 plate armour of Birdsong {Contam rCorr
                  | MP+9 Int+3}
  2035 | D:3      | Noticed Sigmund
  2042 | D:3      | Killed Sigmund
  2043 | D:3      | Reached skill level 5 in Armour
  2043 | D:3      | Reached XP level 5. HP: 37/49 MP: 5/5
  2051 | D:3      | Reached XP level 6. HP: 45/55 MP: 6/6
  2092 | D:3      | Noticed Ijyb
  2097 | D:3      | Killed Ijyb
  2291 | D:3      | Reached skill level 5 in Shields
  2430 | D:3      | Reached XP level 7. HP: 45/57 MP: 7/7
  2717 | D:3      | Reached skill level 6 in Armour
  2804 | D:3      | Noticed Terence
  2807 | D:3      | Killed Terence
  3202 | D:4      | You fall into a shaft and drop 2 floors!
  3243 | D:6      | Noticed Maggie
  3270 | D:6      | Reached XP level 8. HP: 49/71 MP: 8/8
  3272 | D:6      | Reached skill level 5 in Fighting
  3474 | D:5      | Entered Level 5 of the Dungeon
  3676 | D:4      | Reached skill level 7 in Armour
  3744 | D:4      | Found a blossoming altar of Fedhas.
  4322 | D:5      | Reached skill level 5 in Long Blades
  4589 | D:5      | Noticed Prince Ribbit
  4596 | D:5      | Killed Prince Ribbit
  5339 | D:6      | Killed Maggie
  5340 | D:6      | Reached skill level 8 in Armour
  5340 | D:6      | Reached XP level 9. HP: 60/80 MP: 9/9
  5788 | D:6      | Found an iron altar of Okawaru.
  5852 | D:6      | Noticed Grinder
  5855 | D:6      | Paralysed by Grinder for 2 turns
  5862 | D:6      | Killed Grinder
  5960 | D:6      | Found a shadowy altar of Dithmenos.
  6165 | D:6      | Found a sparkling altar of Nemelex Xobeh.
  6552 | D:6      | Became a worshipper of Warmaster Okawaru
  6593 | D:7      | Identified the +0 scale mail "Aloywula" {rPois Dex+2}
  6654 | D:7      | Reached skill level 1 in Invocations
  6657 | D:7      | Noticed Joseph
  6682 | D:7      | Killed Joseph
  6683 | D:7      | Reached skill level 9 in Armour
  6685 | D:7      | Reached * piety under Okawaru
  6886 | D:7      | Found a staircase to the Ecumenical Temple.
  6911 | D:7      | Found a broken altar of Ashenzari.
  7259 | D:8      | Reached XP level 10. HP: 82/89 MP: 12/12
  7786 | D:8      | Reached ** piety under Okawaru
  8216 | D:9      | Noticed Erolcha
  8225 | D:9      | Killed Erolcha
  8324 | D:9      | Reached skill level 5 in Invocations
  8957 | D:9      | Found a staircase to the Orcish Mines.
  9056 | D:9      | Found a hazy altar of Hepliaklqana.
  9143 | D:9      | Reached *** piety under Okawaru
  9465 | D:10     | Entered Level 10 of the Dungeon
  9472 | D:10     | Found a snail-covered altar of Cheibriados.
  9472 | D:10     | Found an ancient bone altar of Kikubaaqudgha.
  9472 | D:10     | Found a bloodstained altar of Trog.
  9472 | D:10     | Found a radiant altar of Vehumet.
  9473 | D:10     | Found a sacrificial altar of Ru.
  9473 | D:10     | Found a burning altar of Makhleb.
  9481 | D:10     | Found a stormy altar of Qazlal.
  9508 | D:10     | Noticed a death yak
  9508 | D:10     | Noticed a death yak
  9524 | D:10     | Reached skill level 10 in Armour
  9524 | D:10     | Noticed a death yak
  9524 | D:10     | Noticed a death yak
  9526 | D:10     | Noticed a death yak
  9539 | D:9      | Killed a death yak
 10041 | D:10     | Noticed a two-headed ogre
 10047 | D:10     | Killed a two-headed ogre
 10047 | D:10     | Reached **** piety under Okawaru
 10048 | D:10     | Reached XP level 11. HP: 83/100 MP: 15/15
 10052 | D:10     | Found a white marble altar of Elyvilon.
 10117 | D:10     | Killed a death yak
 10121 | D:10     | Killed a death yak
 10126 | D:10     | Killed a death yak
 10128 | D:10     | Killed a death yak
 10605 | D:10     | Noticed Snorg
 10606 | D:10     | Found a staircase to the Lair.
 10611 | D:10     | Killed Snorg
 10743 | D:11     | Noticed a four-headed hydra
 10755 | D:11     | Killed a three-headed hydra
 10755 | D:11     | Reached ***** piety under Okawaru
 10756 | D:11     | Reached skill level 10 in Shields
 10781 | D:11     | Reached skill level 11 in Armour
 10859 | D:11     | Noticed a boulder beetle
 10880 | D:11     | Killed a boulder beetle
 11159 | D:11     | Noticed a two-headed ogre
 11198 | D:11     | Noticed a two-headed ogre
 11236 | D:11     | Noticed an orc knight
 11240 | D:11     | HP: 5/101 [orc knight/+0 long sword (13)]
 11242 | D:11     | HP: 1/101 [centaur/arrow (5)]
 11243 | D:11     | Shot with an arrow by a centaur

Illustrated notes

Levels and vault maps discovered:
D:1:      minmay_arrival_hallway, layout_basic, minmay_small_reverse_x
D:2:      layout_loops_corners, serial_forest, infiniplex_forest_clump_diagonal,
          infiniplex_forest_clump_small, infiniplex_forest_straight_1,
          infiniplex_forest_lined_corner, infiniplex_forest_end_3,
          infiniplex_forest_clump_double, infiniplex_forest_lined_ring,
          minmay_pentomino_w4
D:3:      layout_basic, uniq_ijyb, uniq_sigmund, uniq_terence
D:4:      minmay_chambers_of_twos, layout_basic, fedhas_altar_1
D:5:      layout_basic, uniq_prince_ribbit1
D:6:      layout_gridville, mainiacjoe_overflow_boulevard,
          nemelex_dance_club_becter, nicolae_dithmenos_through_a_glass_darkly,
          kb_lookout_dungeons_type, grunt_ministairs_9,
          hangedman_decor_slide_cut, uniq_grinder, uniq_maggie
D:7:      layout_cave_pools, ashenzari_conservatory_becter,
          minmay_temple_entry_butterflies, uniq_joseph
D:8:      layout_loops_corners
D:9:      layout_stronghold, general_overflow_altar, orc_0_dummy, uniq_erolcha
D:10:     layout_basic, grunt_temple_overflow_open,
          mainiacjoe_overflow_chevrons, dpeg_lair_monsters, serial_corexii_hall,
          chequers_hall_statues_y, chequers_hall_statues_y, uniq_snorg
D:11:     minmay_diamond_stairs, layout_loops_cross, gauntlet_entry_generic,
          special_room [special_room_orc], kennysheep_dice

Skill      XL: |  1  2  3  4  5  6  7  8  9 10 11 |
---------------+----------------------------------+-----
Long Blades    | 2 3 4 5 6 7 8 |  8.2
Armour         | 4 5 6 8 9 10 11 | 11.0
Fighting       | 3 4 6 7 8 |  8.5
Shields        | 4 5 6 7 8 9 10 | 10.2
Invocations    | 3 6 8 |  8.2

Action                     |  1- 3 |  4- 6 |  7- 9 | 10-12 || total
---------------------------+-------+-------+-------+-------++-------
  Melee: Long sword        |   118 |   115 |    12 |       ||   245
         Tailslap          |    18 |    17 |    22 |    25 ||    82
         Great sword       |       |       |   172 |   164 ||   336
 Invoke: Heroism           |       |       |       |     1 ||     1
         Finesse           |       |       |       |     1 ||     1
  Evoke: Wand              |       |       |       |    10 ||    10
    Use: Potion            |       |    10 |       |     4 ||    14
         Scroll            |       |     2 |    12 |    11 ||    25
   Stab: Distracted        |       |       |     2 |     1 ||     3
 Armour: Scale mail        |    78 |    49 |       |       ||   127
         Plate armour      |       |    66 |   167 |   211 ||   444
         Skin              |       |       |       |     7 ||     7
  Dodge: Dodged            |    48 |    57 |    46 |    59 ||   210
  Block: Buckler           |    35 |    50 |     2 |       ||    87

Table legend: (Time is in decaauts)
 A = Elapsed time spent in this place.
 B = Non-inter-level travel time spent in this place.
 C = Inter-level travel time spent in this place.
 D = Time resting spent in this place.
 E = Time spent auto-exploring this place.
 F = Levels seen in this place.
 G = Mean time per level.
                   A        B        C        D        E       F      G
               +--------+--------+--------+--------+--------+-----+--------+
         Total |  11452 |  11079 |    373 |   2260 |   6782 |  11 | 1041.1 |
       Dungeon |  11452 |  11079 |    373 |   2260 |   6782 |  11 | 1041.1 |
               +--------+--------+--------+--------+--------+-----+--------+

Top non-repeatable levels by time:
     D:6: 1718 daAuts
     D:9: 1576 daAuts
     D:2: 1268 daAuts
     D:5: 1164 daAuts
     D:4: 1012 daAuts
     D:8: 964 daAuts
     D:3: 951 daAuts
    D:10: 933 daAuts
     D:1: 752 daAuts
    D:11: 629 daAuts
     D:7: 480 daAuts
